 Seeded DCSS version 0.29.1-15-g9cfb28693d (webtiles) character file.

Game seed: 17169671857507315344 (custom seed)

25 Mickster the Grave Robber (level 2, -11/16 HPs)
             Began as a Deep Elf Necromancer on Apr 1, 2023.
             Mangled by an orc
             ... wielding a +2 dagger of electrocution
              (17 damage)
             ... on level 3 of the Dungeon.
             The game lasted 00:14:49 (1094 turns).

Mickster the Grave Robber (Deep Elf Necromancer)    Turns: 1094, Time: 00:14:49

Health: -11/16     AC:  6    Str:  5    XL:     2   Next: 86%
Magic:  5/8        EV: 12    Int: 19    God:
Gold:   76         SH:  0    Dex: 15    Spells: 6/7 levels left

rFire   . . .      SeeInvis .   m - staff of death
rCold   . . .      Faith    .   (no shield)
rNeg    + . .      Spirit   .   a - +0 robe
rPois   .          Reflect  .   (no helmet)
rElec   .          Harm     .   (no cloak)
rCorr   .          Rampage  .   (no gloves)
Will    .....                   (no boots)
Stlth   +.........              (no amulet)
HPRegen 0.05/turn               j - +4 ring of protection
MPRegen 0.11/turn               (no ring)

@: confused
A: no striking features
a: no special abilities


You were on level 3 of the Dungeon.
You visited 1 branch of the dungeon, and saw 3 of its levels.

You collected 76 gold pieces.

Inventory:

Hand Weapons
 c - a +0 hand axe
 d - a +0 short sword
 e - a +0 sling
 g - a +3 whip
 o - a +0 war axe
Missiles
 i - 18 stones
Armour
 a - a +0 robe (worn)
Magical Staves
 m - a staff of death (weapon)
Jewellery
 j - a +4 ring of protection (left hand)
Potions
 b - a potion of magic
 f - a potion of might


   Skills:
 * Level 0.7 Fighting
 * Level 0.5 Short Blades
 + Level 2.4 Dodging
 + Level 2.9 Stealth
 * Level 3.2 Spellcasting
 + Level 5.2 Necromancy


You had 6 spell levels left.
You knew the following spells:

 Your Spells              Type           Power      Damage    Failure   Level
a - Necrotise             Necr           100%       1d9       1%          1

Your spell library contained the following spells:

 Spells                   Type           Power      Damage    Failure   Level
 Vampiric Draining        Necr           34%        2d8       5%          3
 Animate Dead             Necr           34%        N/A       17%         4
 Agony                    Necr           34%        N/A       43%         5
 Dispersal                Tloc           1%         N/A       100%        6
 Disjunction              Tloc           1%         N/A       100%        8


Dungeon Overview and Level Annotations

Branches:
Dungeon (3/15)

Altars:
Wu Jian

Annotations:
D:3 1 runed translucent door, Calibrex's ghost, amateur DsMo


Message History

The orc wizard completely misses you.
An orc comes into view. It is wielding a +0 club.
Casting: Necrotise (safe; 1% risk of failure)
Confirm with . or Enter, or press ? or * to list all spells.
Aiming: Necrotise (safe; 1% risk of failure)
Press: ? - help, Shift-Dir - straight line, f/p - orc wizard
Aim: an orc wizard, wielding a +1 dagger of speed and wearing a +0 robe (moderately wounded, chance to affect: 83%)
You feel a surge of power!
The orc wizard writhes in agony.
The orc shouts!
The orc wizard casts a spell at you.
You are confused.
You're too confused to cast spells.
You bump into the translucent stone wall.
The orc wizard mumbles some strange words.
The orc wizard flickers and vanishes!
Deactivating autopickup; reactivate with Ctrl-A.
A rat comes into view.
You're too confused to move!
Something hits you.
You bump into the translucent stone wall.
Something barely misses you. Something hits you.
Something hits you but does no damage.
You barely miss something.
You hear some strange, mumbled words.
You are more confused.
You hear some strange, mumbled words.
You are more confused.
Something completely misses you.
You hear some strange, mumbled words.
A magic dart appears from out of thin air!
The magic dart hits you!
Calibrex's ghost says, "First you will die, then you will suffer."
You're too confused to move!
Something hits you but does no damage. The orc hits you but does no damage.
You're too confused to cast spells.
Sorry, you're not good enough to have a special ability.
You bump into the rock wall.
Something hits you but does no damage.
The orc hits you with a +2 dagger of electrocution.
You are electrocuted!
Ouch! That really hurt!
You die...

#####.#### #.# #.#
########.# ######
#........#
#♣.#..###.#####..#
#8!+...##.# #..#
#♣W#.ro##.### #...#
###oS.@....# .....#
#.#####.#..........
#. #........#####
or ########.# ##.
#.# #. #. #.


You could see Calibrex's ghost, 2 orcs, a ball python and a rat.

Vanquished Creatures
  2 dart slugs
  2 endoplasms
  2 giant cockroaches
  2 goblins (D:2)
  A kobold (D:2)
  2 quokkas (D:2)
  2 ball pythons
  3 bats
  A frilled lizard (D:3)
  2 rats (D:2)
19 creatures vanquished.

Vanquished Creatures (collateral kills)
  A bat (D:1)
  A rat (D:1)
2 creatures vanquished.

Vanquished Creatures (others)
  A plant (D:1)
1 creature vanquished.

Grand Total: 22 creatures vanquished

Notes
Turn   | Place    | Note
-------+----------+-------------------------------------------
     0 | D:1      | Mickster the Deep Elf Necromancer began the quest for the
                  | Orb.
     0 | D:1      | Reached XP level 1. HP: 10/10 MP: 6/6
   204 | D:1      | Reached skill level 5 in Necromancy
   259 | D:2      | Reached XP level 2. HP: 16/16 MP: 6/8
   726 | D:2      | Found an ornate altar of the Wu Jian Council.
  1071 | D:3      | Found a runed translucent door.
  1071 | D:3      | Noticed Calibrex's ghost (amateur DsMo)
  1094 | D:3      | Mangled by an orc

Illustrated notes

Levels and vault maps discovered:
D:1:      kilobyte_arrival_exit_the_forest, layout_rooms,
          dreamdust_ecumenical_altar_angels_and_demons, minmay_lizard_king
D:2:      layout_basic, basic_altar
D:3:      layout_loops_corners, gammafunk_ghost_grave, nicolae_shop_vocational

Skill      XL: |  1 |
---------------+----+-----
Necromancy     | 5 |  5.2
Fighting       | |  0.7
Short Blades   | |  0.5
Dodging        | |  2.4
Stealth        | |  2.9
Spellcasting   | |  3.2

Action                   || total
-------------------------++-------
Melee: Unarmed           ||     4
       Short sword       ||     3
       Staff             ||    18
 Cast: Necrotise         ||    25
  Use: Potion            ||     5
       Scroll            ||     2
 Stab: Sleeping          ||     2
Armor: Robe              ||    14
Dodge: Dodged            ||    22
